Map: Odyssey LE

Players

snooter

  • Race: Terran Terran
  • Spawn Location: 11:00

Wehaveyou - Winner!

  • Race: Zerg Zerg
  • League: Gold
  • Spawn Location: 5:00

VOD

https://www.youtube.com/watch?v=WTCbESukHDE&feature=youtu.be

Description

Trying to zerg, uploaded for criticism.

Time

  • Played on: Nov. 26, 2017, 5:10 p.m.
  • Length: 16:27
Show
View Real Time Build Order
Export as new Build Order

snooter Terran 

Build Orders: MMM Bio 

Get SALT Encoding   

  12  0:01  SCV  
  13  0:17  Supply Depot  
  13  0:19  SCV  
  14  0:29  Refinery  
  14  0:31  SCV  
  15  0:43  Barracks  
  15  1:00  SCV  
  16  1:11  Supply Depot  
  16  1:12  SCV  
  17  1:22  Barracks  
  17  1:24  Refinery  
  17  1:31  Supply Depot  
  17  1:37  Marine  
  18  1:59  Factory  
  17  2:06  SCV  
  18  2:10  Barracks Reactor  
  18  2:12  Barracks Tech Lab  
  18  2:18  SCV  
  19  2:35  Stimpack  
  20  2:37  SCV  
  20  2:48  Marine  
  20  2:50  Marine  
  22  2:53  Factory Tech Lab  
  22  2:56  Orbital Command  
  21  3:12  Marine x2  
  23  3:26  Infernal Pre-Igniter  
  23  3:29  Marine  
  23  3:31  Hellion  
  26  3:53  Hellion  
  28  4:17  Hellion  
  28  4:18  Armory  
  28  4:20  Marine x2  
  32  4:35  Command Center  
  32  4:38  Marine  
  33  4:39  Hellion  
  22  5:46  Siege Tank  
  22  5:48  Marine x2  
  27  5:51  Orbital Command  
  27  5:54  Bunker  
  27  6:00  Starport  
  27  6:06  Marine x2  
  27  6:07  Combat Shields  
  27  6:09  Marine  
  30  6:24  Marine x2  
  32  6:27  Marine  
  32  6:29  Supply Depot  
  35  6:33  Hellbat  
  35  6:41  Marine x2  
  35  6:45  Marine  
  35  6:46  Starport Reactor  
  38  6:47  SCV  
  41  6:54  Hellbat  
  41  6:58  Terran Vehicle Weapons Level 1  
  41  6:59  SCV  
  42  7:01  Smart Servos  
  42  7:02  Marine  
  42  7:04  SCV  
  44  7:10  Marine x2  
  44  7:11  SCV  
  49  7:15  Hellbat  
  49  7:16  SCV  
  49  7:20  Marine  
  49  7:22  Medivac x2  
  55  7:23  SCV  
  55  7:28  Marine, SCV  
  58  7:33  Supply Depot  
  58  7:35  SCV  
  59  7:52  Medivac  
  61  8:05  Marine x2  
  63  8:23  Marine x2  
  65  8:41  Marine x2  
  54  8:58  Marine  
  41  9:31  Marine x2  
  39  9:36  Medivac x2  
  44  9:48  Marine, Supply Depot, Engineering Bay  
  44  9:49  Marine x2  
  44  9:50  Engineering Bay  
  47  10:01  Barracks  
  47  10:03  Factory Reactor  
  47  10:06  Marine  
  48  10:07  Marine x2  
  48  10:11  Liberator x2  
  48  10:12  Terran Vehicle And Ship Armor Level 1  
  50  10:18  Terran Infantry Weapons Level 1  
  50  10:19  Missile Turret, Terran Infantry Armor Level 1  
  50  10:20  Missile Turret  
  50  10:24  Marine x2  
  50  10:25  Marine  
  50  10:27  Barracks  
  59  10:40  Hellion  
  59  10:41  Hellion  
  63  10:52  Marine x2  
  63  10:54  Liberator  
  65  10:57  Barracks  
  65  10:59  Marine x2  
  65  11:02  Hellion x2  
  71  11:09  Marine  
  71  11:10  Marine  
  76  11:17  Marine x2  
  78  11:18  Supply Depot  
  78  11:22  Liberator  
  78  11:39  Marine x3  
  78  11:40  Hellion  
  88  11:47  Hellion  
  88  11:49  Barracks Reactor  
  88  11:53  Supply Depot  
  88  11:57  Liberator  
  88  12:01  Hellion  
  88  12:05  Liberator  
  92  12:08  Hellion  
  95  12:17  Supply Depot  
  62  13:29  Liberator x2  
  62  13:38  Hellion  
  62  13:39  Hellion  
  64  13:43  Terran Vehicle And Ship Armor Level 2  
  70  13:50  Marine  
  70  13:51  Marine x5  
  76  14:00  Hellion x2  
  76  14:01  Terran Infantry Weapons Level 2  
  80  14:08  Marine  
  80  14:09  Marine x5  
  86  14:20  Supply Depot  
  86  14:21  Hellion  
  86  14:22  Hellion  
  90  14:26  Marine x4  
  90  14:27  Marine x2  
  96  14:42  Hellion  
  96  14:43  Hellion  
  96  14:44  Marine x6  
  106  15:02  Marine x2  
Show
View Real Time Build Order
Export as new Build Order

Wehaveyou Zerg - Winner!

Build Orders: Hatch First 

Get SALT Encoding   

  12  0:01  Drone  
  13  0:14  Overlord  
  13  0:18  Drone  
  13  0:20  Extractor  
  13  0:24  Drone  
  15  0:33  Drone  
  16  0:36  Drone  
  17  0:55  Hatchery  
  16  0:57  Extractor  
  16  0:59  Drone  
  16  1:05  Drone  
  17  1:19  Spawning Pool  
  17  1:23  Drone  
  17  1:31  Drone x2  
  19  1:41  Overlord  
  19  1:53  Drone  
  19  2:02  Drone  
  19  2:05  Metabolic Boost  
  20  2:09  Queen  
  20  2:15  Zergling x2  
  23  2:29  Zergling x2  
  24  2:31  Queen  
  24  2:34  Drone  
  24  2:35  Drone  
  28  2:40  Overlord  
  28  2:53  Queen  
  28  2:54  Drone  
  32  3:12  Drone  
  32  3:13  Drone x3  
  32  3:14  Extractor  
  34  3:25  Drone  
  35  3:28  Drone  
  36  3:37  Hatchery  
  36  3:40  Drone x4  
  39  3:45  Queen  
  41  3:59  Overlord  
  41  4:00  Drone x3  
  42  4:10  Zergling x4  
  42  4:15  Spine Crawler  
  43  4:19  Spine Crawler  
  43  4:23  Baneling Nest  
  41  4:30  Spore Crawler  
  40  4:31  Zergling x4  
  40  4:34  Extractor  
  40  4:38  Lair  
  41  4:39  Zergling x2  
  41  4:40  Zergling x2  
  38  5:03  Zergling x10  
  42  5:07  Zergling x8  
  42  5:08  Queen, Zergling x2  
  42  5:11  Drone  
  50  5:15  Drone  
  50  5:16  Drone  
  46  5:38  Drone x4  
  46  5:42  Drone x4  
  53  5:43  Drone  
  54  5:55  Queen  
  56  5:58  Centrifical Hooks  
  56  5:59  Zergling x2  
  56  6:00  Spore Crawler  
  56  6:02  Baneling x5  
  56  6:12  Overlord, Zergling x2  
  56  6:13  Overlord  
  57  6:21  Hydralisk Den  
  57  6:22  Drone  
  57  6:23  Evolution Chamber x2  
  55  6:46  Zergling x8  
  55  6:47  Zergling x4  
  60  6:48  Zerg Melee Weapons Level 1  
  60  6:49  Zerg Ground Armor Level 1  
  60  6:50  Muscular Augments  
  61  7:02  Drone x2  
  61  7:03  Drone x4  
  67  7:18  Hydralisk, Zergling x6  
  67  7:21  Drone  
  73  7:34  Overlord x3  
  73  7:41  Hatchery  
  73  7:42  Extractor  
  73  7:43  Evolution Chamber  
  70  7:45  Extractor x2  
  68  7:58  Hydralisk  
  68  7:59  Hydralisk x2, Drone  
  68  8:00  Hydralisk x2  
  68  8:01  Zergling x2  
  80  8:11  Drone x4  
  84  8:14  Zerg Missile Weapons Level 1  
  84  8:17  Overlord, Spore Crawler  
  84  8:19  Drone  
  84  8:22  Drone  
  83  8:31  Hydralisk x3  
  73  8:41  Zergling x4  
  73  8:45  Zergling x8  
  71  8:53  Queen  
  57  9:07  Zergling x12  
  57  9:08  Zergling x6  
  60  9:13  Zergling x4  
  57  9:19  Zergling x8  
  61  9:24  Spine Crawler  
  61  9:29  Queen  
  61  9:34  Overlord x2, Queen  
  63  9:44  Queen  
  65  9:57  Infestation Pit  
  64  10:01  Queen  
  66  10:08  Drone x2  
  66  10:09  Drone x3  
  66  10:10  Drone x5  
  66  10:11  Drone x2, Zergling x2  
  79  10:21  Baneling x5  
  78  10:22  Baneling x2  
  78  10:32  Spine Crawler  
  78  10:34  Spine Crawler  
  76  10:36  Spine Crawler  
  76  10:37  Queen  
  76  10:39  Queen  
  79  10:50  Hydralisk x5  
  79  10:57  Hydralisk x2  
  89  10:58  Pneumatized Carapace  
  89  11:00  Baneling x2  
  93  11:06  Zerg Melee Weapons Level 2  
  93  11:20  Zergling x2  
  93  11:21  Overlord x2, Zergling x4  
  93  11:22  Overlord x2  
  93  11:23  Zergling x4  
  93  11:24  Zergling x2  
  99  11:29  Hive  
  99  11:33  Hydralisk  
  101  11:40  Hydralisk x3  
  107  12:02  Hatchery  
  107  12:03  Drone x5  
  107  12:05  Drone x2, Overlord  
  107  12:06  Overlord x2  
  113  12:12  Zergling x6  
  116  12:26  Zergling x10  
  116  12:27  Zergling x6  
  124  12:31  Zerg Missile Weapons Level 2  
  124  12:42  Spine Crawler  
  123  12:47  Ultralisk Cavern  
  98  13:08  Drone x3  
  98  13:09  Drone x3, Spore Crawler  
  102  13:13  Drone, Zergling x10  
  102  13:19  Spine Crawler  
  106  13:21  Spine Crawler  
  106  13:22  Spine Crawler, Zergling x4  
  106  13:23  Zergling x8  
  106  13:24  Zergling x2  
  106  13:25  Zergling x4  
  111  13:31  Adrenal Glands  
  111  13:32  Zerg Melee Weapons Level 3, Zerg Ground Armor Level 2  
  111  13:36  Drone  
  111  13:37  Drone  
  111  13:38  Drone  
  114  13:41  Chitinous Plating  
  114  13:44  Drone x2  
  116  14:06  Drone  
  116  14:07  Drone x2  
  119  14:12  Ultralisk x3  
  119  14:13  Ultralisk  
  143  14:35  Ultralisk  
  143  14:36  Ultralisk, Zergling x4  
  143  14:37  Zergling x14  
  164  14:38  Zergling x4  
  166  14:47  Drone x2  
  168  15:09  Hydralisk  
  168  15:10  Hydralisk x5  
  168  15:14  Ultralisk, Zergling x4  
  186  15:15  Zergling x2  
  189  15:45  Hatchery  
  186  15:53  Zergling x8  
  186  15:54  Zergling x12  
  186  15:55  Zergling x16  
  186  15:56  Zergling x4  
  170  15:57  Drone, Zergling x6  
  170  15:58  Zergling x14  
Tags
 
Composition
MMM Bio
League
Gold
Matchup
TvZ
Spawn Locations
Cross Positions
Add a new tag
Caveats
  • Supply blocks, unpowered buildings, or Contaminate may cause inaccurate times.
  • Supply counts are checked every 10 seconds.